Workbook
Name ÉServiço: [3]BM!$E1<>""
Name Excel_BuiltIn_Database: #REF!
Name Excel_BuiltIn_Print_Area_1_1: #REF!
Name Excel_BuiltIn_Print_Area_1_1_1: #REF!
Name Excel_BuiltIn_Print_Area_1_1_1_1: #REF!
Name Excel_BuiltIn_Print_Area_1_1_1_1_1: #REF!
Name Excel_BuiltIn_Print_Area_1_9: #REF!
Name Excel_BuiltIn_Print_Area_2_1: #REF!
Name Excel_BuiltIn_Print_Area_8_1_1_1: #REF!
Name Excel_BuiltIn_Print_Area_9: #REF!
Name Excel_BuiltIn_Print_Area_9_1: #REF!
Name Excel_BuiltIn_Print_Titles_1_1: #REF!
Name Excel_BuiltIn_Print_Titles_2: #REF!
Name Excel_BuiltIn_Print_Titles_9: #REF!
Name RegimeExecucao: IF(OR([3]DADOS!$A$33="Empreitada Preço Global",[3]DADOS!$A$33="Empreitada Integral"),"Global","Unitário")

Sheet PLANILHA ORÇAMENTÁRIA
A1: MUNICÍPIO DE MARAVILHAS
A2: PLANILHA ORÇAMENTÁRIA DE CUSTOS
A3: PREFEITURA MUNICIPAL DE MARAVILHAS | F3: Nº DE FOLHAS: | H3: 03
A4: OBRA: Intervenção Paisagística na Praça 13 de junho | F4: DATA: | H4: 46209
A5: LOCAL: Praça 13 de junho, bairro Centro, Município de Maravilhas-MG. | F5: FORMA DE EXECUÇÃO:
A6: REGIÃO/MÊS DE REFERÊNCIA: SEINFRA/Região Central - Abril/2026 - Sem Desoneração; SINAPI-MG - Maio/2026 - Não Desonerada | F6: ( ) | G6: DIRETA | H6: ( X ) | I6: INDIRETA
A7: COMPOSIÇÃO/DEMONSTRATIVO DE BDI - EM ANEXO | F7: % ISS MUNICIPAL: | G7: 0.03 | H7: BDI: | I7: 0.2375
A9: ITEM | B9: FONTE | C9: CÓDIGO | D9: DESCRIÇÃO | E9: UNID. | F9: QUANT. | G9: PREÇO UNITÁRIO S/ BDI | H9: CUSTO UNITÁRIO C/ BDI | I9: CUSTO TOTAL
A11: SERVIÇOS PRELIMINARES | G11: SUBTOTAL: | I11: =SUM(I12:I12) -> 948.78
A12: 1 | B12: SEINFRA | C12: ED-16660 | D12: FORNECIMENTO E COLOCAÇÃO DE PLACA DE OBRA EM CHAPA GALVANIZADA #26, ESP. 0,45 MM, PLOTADA COM ADESIVO VINÍLICO, AFIXADA COM REBITES 4,8X40 MM, EM ESTRUTURA METÁLICA DE METALON 20X20 MM, ESP. 1,25 MM, INCLUSIVE SUPORTE EM EUCALIPTO AUTOCLAVADO PINTADO COM TINTA PVA DUAS (2) DEMÃOS | E12: m² | F12: ='MEM. CÁLCULO'!D4 -> 2.88 | G12: 266.22 | H12: =TRUNC((G12)+(G12*$I$7),2) -> 329.44 | I12: =TRUNC(F12*H12,2) -> 948.78
A13: DEMOLIÇÃO / REMOÇÃO | G13: SUBTOTAL: | I13: =SUM(I14:I17) -> 12926.35
A14: 2 | B14: SEINFRA | C14: ED-48479 | D14: DEMOLIÇÃO MANUAL DE PISO CIMENTADO OU CONTRAPISO DE ARGAMASSA, COM ESPESSURA MÁXIMA DE 10CM, INCLUSIVE AFASTAMENTO E EMPILHAMENTO, EXCLUSIVE TRANSPORTE E RETIRADA DO MATERIAL DEMOLIDO | E14: m² | F14: ='MEM. CÁLCULO'!D6 -> 403.26 | G14: 21.85 | H14: =TRUNC((G14)+(G14*$I$7),2) -> 27.03 | I14: =TRUNC(F14*H14,2) -> 10900.11
A15: 3 | B15: SEINFRA | C15: ED-48435 | D15: DEMOLIÇÃO MANUAL DE ALVENARIA DE TIJOLO CERÂMICO OU BLOCO DE CONCRETO, INCLUSIVE AFASTAMENTO E EMPILHAMENTO, EXCLUSIVE TRANSPORTE E RETIRADA DO MATERIAL DEMOLIDO | E15: m³ | F15: ='MEM. CÁLCULO'!D8 -> 3.99 | G15: 129.49 | H15: =TRUNC((G15)+(G15*$I$7),2) -> 160.24 | I15: =TRUNC(F15*H15,2) -> 639.35
A16: 4 | B16: SEINFRA | C16: ED-48501 | D16: DEMOLIÇÃO MANUAL DE REBOCO OU EMBOÇO, COM ESPESSURA DE ATÉ 55MM, INCLUSIVE AFASTAMENTO E EMPILHAMENTO, EXCLUSIVE TRANSPORTE E RETIRADA DO MATERIAL DEMOLIDO | E16: m² | F16: ='MEM. CÁLCULO'!D15 -> 74.31 | G16: 12.23 | H16: =TRUNC((G16)+(G16*$I$7),2) -> 15.13 | I16: =TRUNC(F16*H16,2) -> 1124.31
A17: 5 | B17: SEINFRA | C17: ED-50702 | D17: DESMATAMENTO, DESTOCAMENTO E LIMPEZA, INCLUSIVE TRANSPORTE ATÉ CINQUENTA (50) METROS | E17: m² | F17: ='MEM. CÁLCULO'!D17 -> 332.39 | G17: 0.64 | H17: =TRUNC((G17)+(G17*$I$7),2) -> 0.79 | I17: =TRUNC(F17*H17,2) -> 262.58
A18: MOVIMENTAÇÃO DE TERRA | G18: SUBTOTAL: | I18: =SUM(I19:I20) -> 5446.02
A19: 6 | B19: SEINFRA | C19: ED-51110 | D19: ESCAVAÇÃO MANUAL DE TERRA (DESATERRO MANUAL), INCLUSIVE DESCARGA LATERAL, EXCLUSIVE RETIRADA E TRANSPORTE DO MATERIAL ESCAVADO | E19: m³ | F19: ='MEM. CÁLCULO'!D22 -> 2.35 | G19: 49.73 | H19: =TRUNC((G19)+(G19*$I$7),2) -> 61.54 | I19: =TRUNC(F19*H19,2) -> 144.61
A20: 7 | B20: SEINFRA | C20: ED-51121 | D20: REATERRO MANUAL DE VALA, INCLUSIVE ESPALHAMENTO E COMPACTAÇÃO MECANIZADA COM PLACA VIBRATÓRIA | E20: m³ | F20: ='MEM. CÁLCULO'!D23 -> 81.51 | G20: 52.56 | H20: =TRUNC((G20)+(G20*$I$7),2) -> 65.04 | I20: =TRUNC(F20*H20,2) -> 5301.41
A21: MURO DE ARRIMO | G21: SUBTOTAL: | I21: =SUM(I22:I27) -> 8757.98
A22: 8 | B22: SEINFRA | C22: ED-51107 | D22: ESCAVAÇÃO MANUAL DE VALA COM PROFUNDIDADE MENOR OU IGUAL A 1,5M, INCLUSIVE DESCARGA LATERAL | E22: m³ | F22: ='MEM. CÁLCULO'!D28 -> 1.41 | G22: 84.9 | H22: =TRUNC((G22)+(G22*$I$7),2) -> 105.06 | I22: =TRUNC(F22*H22,2) -> 148.13
A23: 9 | B23: SEINFRA | C23: ED-51093 | D23: APILOAMENTO MANUAL EM FUNDO DE VALA COM SOQUETE, EXCLUSIVE ESCAVAÇÃO | E23: m² | F23: ='MEM. CÁLCULO'!D30 -> 7.07 | G23: 28.62 | H23: =TRUNC((G23)+(G23*$I$7),2) -> 35.41 | I23: =TRUNC(F23*H23,2) -> 250.34
A24: 10 | B24: SEINFRA | C24: ED-48295 | D24: CORTE, DOBRA E MONTAGEM DE AÇO CA-50, DIÂMETRO (6,3MM A 12,5MM), INCLUSIVE ESPAÇADOR | E24: Kg | F24: ='MEM. CÁLCULO'!D32 -> 95.07 | G24: 13.47 | H24: =TRUNC((G24)+(G24*$I$7),2) -> 16.66 | I24: =TRUNC(F24*H24,2) -> 1583.86
A25: 11 | B25: SEINFRA | C25: ED-48297 | D25: CORTE, DOBRA E MONTAGEM DE AÇO CA-60, DIÂMETRO (4,2MM A 5,0MM), INCLUSIVE ESPAÇADOR | E25: Kg | F25: ='MEM. CÁLCULO'!D38 -> 17.99 | G25: 14.19 | H25: =TRUNC((G25)+(G25*$I$7),2) -> 17.56 | I25: =TRUNC(F25*H25,2) -> 315.9
A26: 12 | B26: SEINFRA | C26: ED-49786 | D26: FORNECIMENTO DE CONCRETO ESTRUTURAL, PREPARADO EM OBRA COM BETONEIRA, COM FCK 20MPA, INCLUSIVE LANÇAMENTO, ADENSAMENTO E ACABAMENTO (FUNDAÇÃO) | E26: m³ | F26: ='MEM. CÁLCULO'!D40 -> 1.41 | G26: 816.37 | H26: =TRUNC((G26)+(G26*$I$7),2) -> 1010.25 | I26: =TRUNC(F26*H26,2) -> 1424.45
A27: 13 | B27: SEINFRA | C27: ED-48220 | D27: ALVENARIA DE BLOCO DE CONCRETO CHEIO SEM ARMAÇÃO, EM CONCRETO COM FCK DE 20MPA , ESP. 19CM, PARA REVESTIMENTO, INCLUSIVE ARGAMASSA PARA ASSENTAMENTO (DETALHE D - CADERNO SEDS) | E27: m² | F27: ='MEM. CÁLCULO'!D42 -> 20.58 | G27: 197.72 | H27: =TRUNC((G27)+(G27*$I$7),2) -> 244.67 | I27: =TRUNC(F27*H27,2) -> 5035.3
A28: PISOS | G28: SUBTOTAL: | I28: =SUM(I29:I32) -> 131157.74
A29: 14 | B29: SEINFRA | C29: ED-51139 | D29: GUIA DE MEIO-FIO, EM CONCRETO COM FCK 20MPA, PRÉ-MOLDADA, MFC-01 PADRÃO DER-MG, DIMENSÕES (12X16,7X35)CM, EXCLUSIVE SARJETA, INCLUSIVE ESCAVAÇÃO, APILOAMENTO E TRANSPORTE COM RETIRADA DO MATERIAL ESCAVADO (EM CAÇAMBA) | E29: m | F29: ='MEM. CÁLCULO'!D47 -> 207.83 | G29: 81.43 | H29: =TRUNC((G29)+(G29*$I$7),2) -> 100.76 | I29: =TRUNC(F29*H29,2) -> 20940.95
A30: 15 | B30: SEINFRA | C30: ED-8915 | D30: EXECUÇÃO DE PAVIMENTO COM PISO INTERTRAVADO, TIPO RETANGULAR, ESP. 6CM, COM FCK DE 35MPA, INCLUSIVE COLCHÃO DE AREIA, ESP. 6CM, PARA ASSENTAMENTO, COMPACTAÇÃO MECANIZADA, CARGA E DESCARGA MECÂNICA EM CAMINHÃO, EXCLUSIVE TRANSPORTE DE PISO INTERTRAVADO | E30: m² | F30: ='MEM. CÁLCULO'!D53 -> 600.21 | G30: 91.52 | H30: =TRUNC((G30)+(G30*$I$7),2) -> 113.25 | I30: =TRUNC(F30*H30,2) -> 67973.78
A31: 16 | B31: SEINFRA | C31: ED-50846 | D31: ESCADA DE CONCRETO 20 MPa, APARENTE, ESPELHO = 15 A 18 CM, ARMAÇÃO, FÔRMA PLASTIFICADA, ESCORAMENTO E DESFORMA | E31: m³ | F31: ='MEM. CÁLCULO'!D58 -> 9.08 | G31: 2807.82 | H31: =TRUNC((G31)+(G31*$I$7),2) -> 3474.67 | I31: =TRUNC(F31*H31,2) -> 31550
A32: 17 | B32: COMPOSIÇÃO | C32: CPU-001 | D32: REVESTIMENTO DE PISO COM PEDRA MIRACEMA NA COR CINZA, PEÇAS COM 11,5X23CM, ESP. 1CM, ACABAMENTO NATURAL, INCLUSIVE FORNECIMENTO DO MATERIAL DE REVESTIMENTO, ASSENTAMENTO COM ARGAMASSA INDUSTRIALIZADA E REJUNTAMENTO | E32: m² | F32: ='MEM. CÁLCULO'!D61 -> 85.64 | G32: ='CPU-001'!G40 -> 100.9 | H32: =TRUNC((G32)+(G32*$I$7),2) -> 124.86 | I32: =TRUNC(F32*H32,2) -> 10693.01
A33: REVESTIMENTOS E PINTURA | G33: SUBTOTAL: | I33: =SUM(I34:I40) -> 13428.67
A34: 18 | B34: SEINFRA | C34: ED-50727 | D34: CHAPISCO COM ARGAMASSA, TRAÇO 1:3 (CIMENTO E AREIA), ESP. 5MM, APLICADO EM ALVENARIA/ESTRUTURA DE CONCRETO COM COLHER, INCLUSIVE ARGAMASSA COM PREPARO MECANIZADO | E34: m² | F34: ='MEM. CÁLCULO'!D66 -> 22.02 | G34: 11.02 | H34: =TRUNC((G34)+(G34*$I$7),2) -> 13.63 | I34: =TRUNC(F34*H34,2) -> 300.13
A35: 19 | B35: SEINFRA | C35: ED-6282 | D35: REBOCO COM ARGAMASSA, TRAÇO 1:2:8 (CIMENTO, CAL E AREIA), ESP. 25MM, APLICAÇÃO MANUAL, INCLUSIVE ARGAMASSA COM PREPARO MECANIZADO | E35: m² | F35: ='MEM. CÁLCULO'!D71 -> 22.02 | G35: 49.55 | H35: =TRUNC((G35)+(G35*$I$7),2) -> 61.31 | I35: =TRUNC(F35*H35,2) -> 1350.04
A36: 20 | B36: SEINFRA | C36: ED-6288 | D36: REBOCO COM ARGAMASSA, TRAÇO 1:2:8 (CIMENTO, CAL E AREIA), ESP. 40MM, APLICAÇÃO MANUAL, INCLUSIVE ARGAMASSA COM PREPARO MECANIZADO (PREENCHIMENTO) | E36: m² | F36: ='MEM. CÁLCULO'!D72 -> 74.31 | G36: 69.26 | H36: =TRUNC((G36)+(G36*$I$7),2) -> 85.7 | I36: =TRUNC(F36*H36,2) -> 6368.36
A37: 21 | B37: SEINFRA | C37: ED-50505 | D37: LIXAMENTO MANUAL EM PAREDE PARA REMOÇÃO DE TINTA | E37: m² | F37: ='MEM. CÁLCULO'!D73 -> 44.77 | G37: 3.73 | H37: =TRUNC((G37)+(G37*$I$7),2) -> 4.61 | I37: =TRUNC(F37*H37,2) -> 206.38
A38: 22 | B38: SEINFRA | C38: ED-50514 | D38: PREPARAÇÃO PARA EMASSAMENTO OU PINTURA (LÁTEX/ACRÍLICA) EM PAREDE, INCLUSIVE UMA (1) DEMÃO DE SELADOR ACRÍLICO | E38: m² | F38: ='MEM. CÁLCULO'!D79 -> 141.1 | G38: 8.3 | H38: =TRUNC((G38)+(G38*$I$7),2) -> 10.27 | I38: =TRUNC(F38*H38,2) -> 1449.09
A39: 23 | B39: SEINFRA | C39: ED-50451 | D39: PINTURA ACRÍLICA EM PAREDE, DUAS (2) DEMÃOS, COM APLICAÇÃO MANUAL, EXCLUSIVE SELADOR ACRÍLICO E MASSA ACRÍLICA/CORRIDA (PVA) | E39: m² | F39: ='MEM. CÁLCULO'!D82 -> 141.1 | G39: 17.77 | H39: =TRUNC((G39)+(G39*$I$7),2) -> 21.99 | I39: =TRUNC(F39*H39,2) -> 3102.78
A40: 24 | B40: SEINFRA | C40: RO-13906 | D40: CAIAÇÃO MANUAL, TRÊS DEMÃOS (EXECUÇÃO, INCLUI FORNECIMENTO E APLICAÇÃO DA CAL HIDRATADA PARA CAIAÇÃO) | E40: m² | F40: ='MEM. CÁLCULO'!D83 -> 89.3 | G40: 5.9 | H40: =TRUNC((G40)+(G40*$I$7),2) -> 7.3 | I40: =TRUNC(F40*H40,2) -> 651.89
A41: MOBILIÁRIO URBANO E ILUMINAÇÃO | G41: SUBTOTAL: | I41: =SUM(I42:I44) -> 35719.5
A42: 25 | B42: SINAPI | C42: 101654 | D42: LUMINÁRIA DE LED PARA ILUMINAÇÃO PÚBLICA, DE 33 W ATÉ 50 W - FORNECIMENTO E INSTALAÇÃO. AF_02/2025_PS | E42: Unid. | F42: ='MEM. CÁLCULO'!D86 -> 32 | G42: 207.12 | H42: =TRUNC((G42)+(G42*$I$7),2) -> 256.31 | I42: =TRUNC(F42*H42,2) -> 8201.92
A43: 26 | B43: SEINFRA | C43: ED-22380 | D43: POSTE DE AÇO GALVANIZADO, ALTURA LIVRE MÍNIMA DE 6M, COM 2 REFLETORES DE LED, POTÊNCIA DE 200W CADA, INCLUSIVE FIAÇÃO, SUPORTE E FUNDAÇÃO | E43: Unid. | F43: ='MEM. CÁLCULO'!D87 -> 10 | G43: 1953.89 | H43: =TRUNC((G43)+(G43*$I$7),2) -> 2417.93 | I43: =TRUNC(F43*H43,2) -> 24179.3
A44: 27 | B44: SEINFRA | C44: ED-15447 | D44: BANCO EM CONCRETO APARENTE, TIPO-1, PADRÃO SEE-MG, SEM ENCOSTO, POLIDO COM ACABAMENTO EM VERNIZ, ESP. 5CM, COMPRIMENTO 130CM, LARGURA 40CM, ALTURA 45CM, INCLUSIVE CORTE NO PISO PARA FIXAÇÃO COM CONCRETO NÃO ESTRUTURAL, PREPARADO EM OBRA COM BETONEIRA, COM FCK 15 MPA | E44: Unid. | F44: ='MEM. CÁLCULO'!D88 -> 11 | G44: 245.24 | H44: =TRUNC((G44)+(G44*$I$7),2) -> 303.48 | I44: =TRUNC(F44*H44,2) -> 3338.28
A45: ENTREGA DE OBRA | G45: SUBTOTAL: | I45: =SUM(I46:I47) -> 10389.14
A46: 28 | B46: SEINFRA | C46: ED-50634 | D46: PLACA DE ALUMÍNIO FUNDIDO, DIMENSÃO (60X40)CM, PARA INAUGURAÇÃO, INCLUSIVE FIXAÇÃO | E46: Unid. | F46: ='MEM. CÁLCULO'!D90 -> 1 | G46: 1283.27 | H46: =TRUNC((G46)+(G46*$I$7),2) -> 1588.04 | I46: =TRUNC(F46*H46,2) -> 1588.04
A47: 29 | B47: SEINFRA | C47: ED-50266 | D47: LIMPEZA FINAL PARA ENTREGA DA OBRA | E47: m² | F47: ='MEM. CÁLCULO'!D91 -> 780.24 | G47: 9.12 | H47: =TRUNC((G47)+(G47*$I$7),2) -> 11.28 | I47: =TRUNC(F47*H47,2) -> 8801.1
A48: VALOR TOTAL | G48: =SUM(I11+I13+I18+I21+I28+I33+I41+I45) -> 218774.18
D50: Flávio L. Greco S.
D51: Eng.º Civil - CREA-MG 64.880/D

Sheet MEM. CÁLCULO
A1: MEMÓRIA DE CÁLCULO
A2: ITEM | B2: DESCRIÇÃO | C2: UND. | D2: QNT. | E2: Nº GERAL | F2: Nº FACES/PEÇAS | G2: PESO NOMINAL (KG/M) | H2: PERÍMETRO | I2: COMP. | J2: LARGURA | K2: ALTURA | L2: DESCONTOS | M2: RAIO | N2: PESO TOTAL (KG) | O2: ÁREA (M²) | P2: ÁREA (M²) POLYLINES | Q2: VOLUME (M³) | R2: LOCAIS E DETALHES
A3: ='PLANILHA ORÇAMENTÁRIA'!A11 -> SERVIÇOS PRELIMINARES
A4: ='PLANILHA ORÇAMENTÁRIA'!A12 -> 1 | B4: ='PLANILHA ORÇAMENTÁRIA'!D12 -> FORNECIMENTO E COLOCAÇÃO DE PLACA DE OBRA EM CHAPA GALVANIZADA #26, ESP. 0,45 MM, PLOTADA COM ADESIVO VINÍLICO, AFIXADA COM REBITES 4,8X40 MM, EM ESTRUTURA METÁLICA DE METALON 20X20 MM, ESP. 1,25 MM, INCLUSIVE SUPORTE EM EUCALIPTO AUTOCLAVADO PINTADO COM TINTA PVA DUAS (2) DEMÃOS | C4: ='PLANILHA ORÇAMENTÁRIA'!E12 -> m² | D4: =O4 -> 2.88 | J4: 2.4 | K4: 1.2 | O4: =TRUNC(J4*K4,2) -> 2.88 | R4: PLACA DE 2,40X1,20, PADRÃO DO MUNICÍPIO
A5: ='PLANILHA ORÇAMENTÁRIA'!A13 -> DEMOLIÇÃO / REMOÇÃO
A6: ='PLANILHA ORÇAMENTÁRIA'!A14 -> 2 | B6: ='PLANILHA ORÇAMENTÁRIA'!D14 -> DEMOLIÇÃO MANUAL DE PISO CIMENTADO OU CONTRAPISO DE ARGAMASSA, COM ESPESSURA MÁXIMA DE 10CM, INCLUSIVE AFASTAMENTO E EMPILHAMENTO, EXCLUSIVE TRANSPORTE E RETIRADA DO MATERIAL DEMOLIDO | C6: ='PLANILHA ORÇAMENTÁRIA'!E14 -> m² | D6: =SUM(P6:P7) -> 403.26 | P6: 305.3 | R6: ÁREA DA CALÇADA CONTÍGUA À PRAÇA, CONFORME POLYLINE CAD
P7: 97.96 | R7: ÁREA DA ESCADA EXISTENTE, CONFORME POLYLINE CAD
A8: ='PLANILHA ORÇAMENTÁRIA'!A15 -> 3 | B8: ='PLANILHA ORÇAMENTÁRIA'!D15 -> DEMOLIÇÃO MANUAL DE ALVENARIA DE TIJOLO CERÂMICO OU BLOCO DE CONCRETO, INCLUSIVE AFASTAMENTO E EMPILHAMENTO, EXCLUSIVE TRANSPORTE E RETIRADA DO MATERIAL DEMOLIDO | C8: ='PLANILHA ORÇAMENTÁRIA'!E15 -> m³ | D8: =SUM(Q8:Q14) -> 3.99 | I8: 2.07 | J8: 0.3 | K8: 1.2 | Q8: =TRUNC(I8*J8*K8,2) -> 0.74 | R8: MURETA NO ACESSO AO CALÇADÃO INFERIOR LADO ESQ. (ALT. ESTIMADA)
I9: 2.07 | J9: 0.3 | K9: 1.2 | Q9: =TRUNC(I9*J9*K9,2) -> 0.74 | R9: MURETA NO ACESSO AO CALÇADÃO INFERIOR LADO DIR. (ALT. ESTIMADA)
I10: 2.94 | J10: 0.3 | K10: 0.4 | Q10: =TRUNC(I10*J10*K10,2) -> 0.35 | R10: MURETA NO ACESSO AO CALÇADÃO SUPERIOR LADO ESQ. (ALT. ESTIMADA)
I11: 3.09 | J11: 0.3 | K11: 0.4 | Q11: =TRUNC(I11*J11*K11,2) -> 0.37 | R11: MURETA NO ACESSO AO CALÇADÃO SUPERIOR LADO DIR. (ALT. ESTIMADA)
I12: 42.39 | J12: 0.1 | K12: 0.2 | Q12: =TRUNC(I12*J12*K12,2) -> 0.84 | R12: GUIA EXISTENTE ONDE SERÁ EXECUTADO O CALÇADÃO LADO ESQ.
I13: 38.47 | J13: 0.1 | K13: 0.2 | Q13: =TRUNC(I13*J13*K13,2) -> 0.76 | R13: GUIA EXISTENTE ONDE SERÁ EXECUTADO O CALÇADÃO LADO DIR.
I14: 0.7 | J14: 0.55 | K14: 0.5 | Q14: =TRUNC(I14*J14*K14,2) -> 0.19 | R14: PLACA DE INAUGURAÇÃO
A15: ='PLANILHA ORÇAMENTÁRIA'!A16 -> 4 | B15: ='PLANILHA ORÇAMENTÁRIA'!D16 -> DEMOLIÇÃO MANUAL DE REBOCO OU EMBOÇO, COM ESPESSURA DE ATÉ 55MM, INCLUSIVE AFASTAMENTO E EMPILHAMENTO, EXCLUSIVE TRANSPORTE E RETIRADA DO MATERIAL DEMOLIDO | C15: ='PLANILHA ORÇAMENTÁRIA'!E16 -> m² | D15: =SUM(O15:O16) -> 74.31 | I15: 43.27 | K15: 0.9 | O15: =TRUNC(I15*K15,2) -> 38.94 | R15: REBOCO A SER DEMOLIDO NA MURETA ONDE SERÁ EXECUTADO O CALÇADÃO LADO ESQ.
I16: 39.31 | K16: 0.9 | O16: =TRUNC(I16*K16,2) -> 35.37 | R16: REBOCO A SER DEMOLIDO NA MURETA ONDE SERÁ EXECUTADO O CALÇADÃO LADO DIR.
A17: ='PLANILHA ORÇAMENTÁRIA'!A17 -> 5 | B17: ='PLANILHA ORÇAMENTÁRIA'!D17 -> DESMATAMENTO, DESTOCAMENTO E LIMPEZA, INCLUSIVE TRANSPORTE ATÉ CINQUENTA (50) METROS | C17: ='PLANILHA ORÇAMENTÁRIA'!E17 -> m² | D17: =SUM(P17:P20) -> 332.39 | P17: 75.64 | R17: ÁREA CALÇADÃO SUPERIOR (DESCONTANDO ESCADA) CONFORME POLYLINE
P18: 135.9 | R18: ÁREA CALÇADÃO INFERIOR LADO ESQ. CONFORME POLYLINE
P19: 119.95 | R19: ÁREA CALÇADÃO INFERIOR LADO DIR. CONFORME POLYLINE
P20: =0.45*2 -> 0.9 | R20: CANTEIROS EM SEÇÃO CIRCULAR NOS CANTOS INFERIORES DA PRAÇA
A21: ='PLANILHA ORÇAMENTÁRIA'!A18 -> MOVIMENTAÇÃO DE TERRA
A22: ='PLANILHA ORÇAMENTÁRIA'!A19 -> 6 | B22: ='PLANILHA ORÇAMENTÁRIA'!D19 -> ESCAVAÇÃO MANUAL DE TERRA (DESATERRO MANUAL), INCLUSIVE DESCARGA LATERAL, EXCLUSIVE RETIRADA E TRANSPORTE DO MATERIAL ESCAVADO | C22: ='PLANILHA ORÇAMENTÁRIA'!E19 -> m³ | D22: =Q22 -> 2.35 | E22: 2 | I22: 1.2 | J22: 2.07 | K22: =0.95/2 -> 0.475 | Q22: =TRUNC(I22*J22*K22*E22,2) -> 2.35 | R22: ÁREA A SER ESCAVADA ONDE SERÃO EXECUTADAS AS ESCADAS DE ACESSO AOS CALÇADÕES INFERIORES
A23: ='PLANILHA ORÇAMENTÁRIA'!A20 -> 7 | B23: ='PLANILHA ORÇAMENTÁRIA'!D20 -> REATERRO MANUAL DE VALA, INCLUSIVE ESPALHAMENTO E COMPACTAÇÃO MECANIZADA COM PLACA VIBRATÓRIA | C23: ='PLANILHA ORÇAMENTÁRIA'!E20 -> m³ | D23: =SUM(Q23:Q26) -> 81.51 | K23: 0.4 | P23: =P17 -> 75.64 | Q23: =TRUNC(P23*K23,2) -> 30.25 | R23: ÁREA DO CALÇADÃO SUPERIOR, ALTURA A SER ATERRADA ESTIMADA DE 40CM
K24: 0.2 | P24: =P18 -> 135.9 | Q24: =TRUNC(P24*K24,2) -> 27.18 | R24: ÁREA DO CALÇADÃO INFERIOR LADO ESQ., ALTURA A SER ATERRADA ESTIMADA DE 20CM
K25: 0.2 | P25: =P19 -> 119.95 | Q25: =TRUNC(P25*K25,2) -> 23.99 | R25: ÁREA DO CALÇADÃO INFERIOR LADO DIR., ALTURA A SER ATERRADA ESTIMADA DE 20CM
K26: 0.1 | P26: =P20 -> 0.9 | Q26: =TRUNC(P26*K26,2) -> 0.09 | R26: CANTEIROS EM SEÇÃO CIRCULAR NOS CANTOS INFERIORES DA PRAÇA, ALTURA A SER ATERRADA ESTIMADA DE 10CM
A27: ='PLANILHA ORÇAMENTÁRIA'!A21 -> MURO DE ARRIMO
A28: ='PLANILHA ORÇAMENTÁRIA'!A22 -> 8 | B28: ='PLANILHA ORÇAMENTÁRIA'!D22 -> ESCAVAÇÃO MANUAL DE VALA COM PROFUNDIDADE MENOR OU IGUAL A 1,5M, INCLUSIVE DESCARGA LATERAL | C28: ='PLANILHA ORÇAMENTÁRIA'!E22 -> m³ | D28: =SUM(Q28:Q29) -> 1.41 | I28: 18.54 | J28: 0.2 | K28: 0.2 | Q28: =TRUNC(I28*J28*K28,2) -> 0.74 | R28: ESCAVAÇÃO EM SEÇÃO DE 20X20cm PARA EXECUÇÃO DE BALDRAME NO CALÇADÃO SUPERIOR LADO ESQ.
I29: 16.88 | J29: 0.2 | K29: 0.2 | Q29: =TRUNC(I29*J29*K29,2) -> 0.67 | R29: ESCAVAÇÃO EM SEÇÃO DE 20X20cm PARA EXECUÇÃO DE BALDRAME NO CALÇADÃO SUPERIOR LADO DIR.
A30: ='PLANILHA ORÇAMENTÁRIA'!A23 -> 9 | B30: ='PLANILHA ORÇAMENTÁRIA'!D23 -> APILOAMENTO MANUAL EM FUNDO DE VALA COM SOQUETE, EXCLUSIVE ESCAVAÇÃO | C30: ='PLANILHA ORÇAMENTÁRIA'!E23 -> m² | D30: =SUM(O30:O31) -> 7.07 | I30: =I28 -> 18.54 | J30: =J28 -> 0.2 | O30: =TRUNC(I30*J30,2) -> 3.7 | R30: APILOAMENTO DA ÁREA ESCAVADA, CALÇADÃO SUPERIOR LADO ESQ.
I31: =I29 -> 16.88 | J31: =J29 -> 0.2 | O31: =TRUNC(I31*J31,2) -> 3.37 | R31: APILOAMENTO DA ÁREA ESCAVADA, CALÇADÃO SUPERIOR LADO DIR.
A32: ='PLANILHA ORÇAMENTÁRIA'!A24 -> 10 | B32: ='PLANILHA ORÇAMENTÁRIA'!D24 -> CORTE, DOBRA E MONTAGEM DE AÇO CA-50, DIÂMETRO (6,3MM A 12,5MM), INCLUSIVE ESPAÇADOR | C32: ='PLANILHA ORÇAMENTÁRIA'!E24 -> Kg | D32: =SUM(N32:N37) -> 95.07 | E32: 4 | G32: 0.245 | I32: 18.54 | N32: =TRUNC(E32*I32*G32,2) -> 18.16 | R32: MURO DE ARRIMO LADO ESQ.: ARMAÇÃO DA VIGA BALDRAME COM CA50 DN6.3, 4X ESTRIBOS
E33: =TRUNC(1854/19,2) -> 97.57 | G33: 0.245 | K33: =0.6+0.2 -> 0.8 | N33: =TRUNC(E33*K33*G33,2) -> 19.12 | R33: MURO DE ARRIMO LADO ESQ.: ARMAÇÃO VERTICAL NOS FUROS DOS BLOCOS C/ ESPAÇAMENTO DE 19CM, ALTURA 60(MURO) + 20(BALDRAME) CM, AÇO CA50 DN6.3
E34: 3 | G34: 0.245 | I34: 18.54 | N34: =TRUNC(E34*I34*G34,2) -> 13.62 | R34: MURO DE ARRIMO LADO ESQ.: ARMAÇÃO HORIZONTAL ENTRE OS BLOCOS E BALDRAME, AÇO CA50 DN6.3
E35: 4 | G35: 0.245 | I35: 16.88 | N35: =TRUNC(E35*I35*G35,2) -> 16.54 | R35: MURO DE ARRIMO LADO DIR.: ARMAÇÃO DA VIGA BALDRAME COM CA50 DN6.3, 4X ESTRIBOS
E36: =TRUNC(1688/19,2) -> 88.84 | G36: 0.245 | K36: =0.5+0.2 -> 0.7 | N36: =TRUNC(E36*K36*G36,2) -> 15.23 | R36: MURO DE ARRIMO LADO DIR.: ARMAÇÃO VERTICAL NOS FUROS DOS BLOCOS C/ ESPAÇAMENTO DE 19CM, ALTURA 50(MURO) + 20(BALDRAME) CM, AÇO CA50 DN6.3
E37: 3 | G37: 0.245 | I37: 16.88 | N37: =TRUNC(E37*I37*G37,2) -> 12.4 | R37: MURO DE ARRIMO LADO DIR.: ARMAÇÃO HORIZONTAL ENTRE OS BLOCOS E BALDRAME, AÇO CA50 DN6.3
A38: ='PLANILHA ORÇAMENTÁRIA'!A25 -> 11 | B38: ='PLANILHA ORÇAMENTÁRIA'!D25 -> CORTE, DOBRA E MONTAGEM DE AÇO CA-60, DIÂMETRO (4,2MM A 5,0MM), INCLUSIVE ESPAÇADOR | C38: ='PLANILHA ORÇAMENTÁRIA'!E25 -> Kg | D38: =SUM(N38:N39) -> 17.99 | E38: =TRUNC(1854/20,2) -> 92.7 | G38: 0.154 | I38: =0.14+0.14+0.14+0.14+0.1 -> 0.66 | N38: =TRUNC(I38*E38*G38,2) -> 9.42 | R38: MURO DE ARRIMO LADO ESQ.: ESTRIBOS COM 0,66CM, ESPAÇAMENTO DE 20CM EM AÇO CA60 DN5.0
E39: =TRUNC(1688/20,2) -> 84.4 | G39: 0.154 | I39: =0.14+0.14+0.14+0.14+0.1 -> 0.66 | N39: =TRUNC(I39*E39*G39,2) -> 8.57 | R39: MURO DE ARRIMO LADO DIR.: ESTRIBOS COM 0,66CM, ESPAÇAMENTO DE 20CM EM AÇO CA60 DN5.0
A40: ='PLANILHA ORÇAMENTÁRIA'!A26 -> 12 | B40: ='PLANILHA ORÇAMENTÁRIA'!D26 -> FORNECIMENTO DE CONCRETO ESTRUTURAL, PREPARADO EM OBRA COM BETONEIRA, COM FCK 20MPA, INCLUSIVE LANÇAMENTO, ADENSAMENTO E ACABAMENTO (FUNDAÇÃO) | C40: ='PLANILHA ORÇAMENTÁRIA'!E26 -> m³ | D40: =SUM(Q40:Q41) -> 1.41 | I40: =I28 -> 18.54 | J40: =J28 -> 0.2 | K40: =K28 -> 0.2 | Q40: =TRUNC(I40*J40*K40,2) -> 0.74 | R40: VIGA BALDRAME NO MURO DE ARRIMO LADO ESQ., SEÇÃO DE 20X20CM
I41: =I29 -> 16.88 | J41: =J29 -> 0.2 | K41: =K29 -> 0.2 | Q41: =TRUNC(I41*J41*K41,2) -> 0.67 | R41: VIGA BALDRAME NO MURO DE ARRIMO LADO DIR., SEÇÃO DE 20X20CM
A42: ='PLANILHA ORÇAMENTÁRIA'!A27 -> 13 | B42: ='PLANILHA ORÇAMENTÁRIA'!D27 -> ALVENARIA DE BLOCO DE CONCRETO CHEIO SEM ARMAÇÃO, EM CONCRETO COM FCK DE 20MPA , ESP. 19CM, PARA REVESTIMENTO, INCLUSIVE ARGAMASSA PARA ASSENTAMENTO (DETALHE D - CADERNO SEDS) | C42: ='PLANILHA ORÇAMENTÁRIA'!E27 -> m² | D42: =SUM(O42:O45) -> 20.58 | I42: 18.54 | K42: 0.6 | O42: =TRUNC(I42*K42,2) -> 11.12 | R42: MURO DE ARRIMO LADO ESQ., ALTURA ADOTADA = (75+51CM) / 2 = 63 -> 60CM
I43: 16.88 | K43: 0.5 | O43: =TRUNC(I43*K43,2) -> 8.44 | R43: MURO DE ARRIMO LADO DIR., ALTURA ADOTADA = (64+33CM) / 2 = 48,5 -> 50CM
O44: 0.51 | R44: MURETA NA LATERAL DA ESCADA DE ACESSO AO CALÇADÃO LADO ESQ.
O45: 0.51 | R45: MURETA NA LATERAL DA ESCADA DE ACESSO AO CALÇADÃO LADO DIR.
A46: ='PLANILHA ORÇAMENTÁRIA'!A28 -> PISOS
A47: ='PLANILHA ORÇAMENTÁRIA'!A29 -> 14 | B47: ='PLANILHA ORÇAMENTÁRIA'!D29 -> GUIA DE MEIO-FIO, EM CONCRETO COM FCK 20MPA, PRÉ-MOLDADA, MFC-01 PADRÃO DER-MG, DIMENSÕES (12X16,7X35)CM, EXCLUSIVE SARJETA, INCLUSIVE ESCAVAÇÃO, APILOAMENTO E TRANSPORTE COM RETIRADA DO MATERIAL ESCAVADO (EM CAÇAMBA) | C47: ='PLANILHA ORÇAMENTÁRIA'!E29 -> m | D47: =SUM(H47:H52) -> 207.83 | H47: 42.36 | R47: EXTENSÃO A SER ACRESCIDA NO CALÇADÃO LADO ESQ. CONFORME PROJETO
H48: =3.34*9 -> 30.06 | R48: GUIAS A SEREM ACRESCIDAS NO CALÇADÃO LADO ESQ., NO ENTORNO DAS ÁRVORES, CONFORME PROJETO
H49: 38.86 | R49: GUIAS A SEREM ACRESCIDAS ENTRE O CALÇADÃO LADO ESQ. E TALUDE, MEDIDAS CONFORME PROJETO
H50: 38.43 | R50: EXTENSÃO A SER ACRESCIDA NO CALÇADÃO LADO DIR. CONFORME PROJETO
H51: =3.34*7 -> 23.38 | R51: GUIAS A SEREM ACRESCIDAS NO CALÇADÃO LADO DIR., NO ENTORNO DAS ÁRVORES, CONFORME PROJETO
H52: 34.74 | R52: GUIAS A SEREM ACRESCIDAS ENTRE O CALÇADÃO LADO DIR. E TALUDE, MEDIDAS CONFORME PROJETO
A53: ='PLANILHA ORÇAMENTÁRIA'!A30 -> 15 | B53: ='PLANILHA ORÇAMENTÁRIA'!D30 -> EXECUÇÃO DE PAVIMENTO COM PISO INTERTRAVADO, TIPO RETANGULAR, ESP. 6CM, COM FCK DE 35MPA, INCLUSIVE COLCHÃO DE AREIA, ESP. 6CM, PARA ASSENTAMENTO, COMPACTAÇÃO MECANIZADA, CARGA E DESCARGA MECÂNICA EM CAMINHÃO, EXCLUSIVE TRANSPORTE DE PISO INTERTRAVADO | C53: ='PLANILHA ORÇAMENTÁRIA'!E30 -> m² | D53: =SUM(P53:P57) -> 600.21 | P53: =P6 -> 305.3 | R53: ÁREA DA CALÇADA CONTÍGUA À PRAÇA, CONFORME POLYLINE CAD
P54: =0.45*2 -> 0.9 | R54: CANTEIROS EM SEÇÃO CIRCULAR NOS CANTOS INFERIORES DA PRAÇA
P55: 101.05 | R55: CALÇADÃO INFERIOR LADO ESQ., CONFORME POLYLINE CAD (DESCONTANDO CANTEIROS)
P56: 96.92 | R56: CALÇADÃO INFERIOR LADO DIR., CONFORME POLYLINE CAD (DESCONTANDO CANTEIROS)
P57: 96.04 | R57: CALÇADÃO SUPERIOR, CONFORME POLYLINE CAD
A58: ='PLANILHA ORÇAMENTÁRIA'!A31 -> 16 | B58: ='PLANILHA ORÇAMENTÁRIA'!D31 -> ESCADA DE CONCRETO 20 MPa, APARENTE, ESPELHO = 15 A 18 CM, ARMAÇÃO, FÔRMA PLASTIFICADA, ESCORAMENTO E DESFORMA | C58: ='PLANILHA ORÇAMENTÁRIA'!E31 -> m³ | D58: =SUM(Q58:Q60) -> 9.08 | J58: 6.17 | P58: 1.3 | Q58: =TRUNC(J58*P58,2) -> 8.02 | R58: ESCADA PRINCIPAL, PERÍMETRO CONFORME POLYLINE CAD
J59: 2.04 | P59: 0.26 | Q59: =TRUNC(J59*P59,2) -> 0.53 | R59: ESCADA ACESSO CALÇADÃO LADO ESQ.
J60: 2.07 | P60: 0.26 | Q60: =TRUNC(J60*P60,2) -> 0.53 | R60: ESCADA ACESSO CALÇADÃO LADO DIR.
A61: ='PLANILHA ORÇAMENTÁRIA'!A32 -> 17 | B61: ='PLANILHA ORÇAMENTÁRIA'!D32 -> REVESTIMENTO DE PISO COM PEDRA MIRACEMA NA COR CINZA, PEÇAS COM 11,5X23CM, ESP. 1CM, ACABAMENTO NATURAL, INCLUSIVE FORNECIMENTO DO MATERIAL DE REVESTIMENTO, ASSENTAMENTO COM ARGAMASSA INDUSTRIALIZADA E REJUNTAMENTO | C61: ='PLANILHA ORÇAMENTÁRIA'!E32 -> m² | D61: =SUM(O61:O64) -> 85.64 | I61: 10.04 | J61: 6.17 | O61: =ROUND(I61*J61,2) -> 61.95 | R61: ESCADA PRINCIPAL
I62: 1.5 | J62: 2.04 | O62: =ROUND(I62*J62,2) -> 3.06 | R62: ESCADA DE ACESSO AO CALÇADÃO LADO ESQ.
I63: 1.5 | J63: 2.07 | O63: =ROUND(I63*J63,2) -> 3.11 | R63: ESCADA DE ACESSO AO CALÇADÃO LADO DIR.
I64: 2.84 | J64: 6.17 | O64: =ROUND(I64*J64,2) -> 17.52 | R64: PATAMAR NO NIVEL +0,19 ENTRE AS TRÊS ESCADAS
A65: ='PLANILHA ORÇAMENTÁRIA'!A33 -> REVESTIMENTOS E PINTURA
A66: ='PLANILHA ORÇAMENTÁRIA'!A34 -> 18 | B66: ='PLANILHA ORÇAMENTÁRIA'!D34 -> CHAPISCO COM ARGAMASSA, TRAÇO 1:3 (CIMENTO E AREIA), ESP. 5MM, APLICADO EM ALVENARIA/ESTRUTURA DE CONCRETO COM COLHER, INCLUSIVE ARGAMASSA COM PREPARO MECANIZADO | C66: ='PLANILHA ORÇAMENTÁRIA'!E34 -> m² | D66: =SUM(O66:O70) -> 22.02 | I66: 18.54 | K66: 0.6 | O66: =TRUNC(I66*K66,2) -> 11.12 | R66: MURO DE ARRIMO LADO ESQ.
I67: 16.88 | K67: 0.5 | O67: =TRUNC(I67*K67,2) -> 8.44 | R67: MURO DE ARRIMO LADO DIR.
O68: 0.51 | R68: MURETA NA LATERAL DA ESCADA DE ACESSO AO CALÇADÃO LADO ESQ.
O69: 0.51 | R69: MURETA NA LATERAL DA ESCADA DE ACESSO AO CALÇADÃO LADO DIR.
E70: 4 | I70: 0.3 | K70: 1.2 | O70: =TRUNC(I70*K70*E70,2) -> 1.44 | R70: FAIXA DEMOLIDA DAS MURETAS PARA EXECUÇÃO DAS ESCADAS
A71: ='PLANILHA ORÇAMENTÁRIA'!A35 -> 19 | B71: ='PLANILHA ORÇAMENTÁRIA'!D35 -> REBOCO COM ARGAMASSA, TRAÇO 1:2:8 (CIMENTO, CAL E AREIA), ESP. 25MM, APLICAÇÃO MANUAL, INCLUSIVE ARGAMASSA COM PREPARO MECANIZADO | C71: ='PLANILHA ORÇAMENTÁRIA'!E35 -> m² | D71: =O71 -> 22.02 | O71: =D66 -> 22.02 | R71: MESMO QUE A ÁREA DE CHAPISCO
A72: ='PLANILHA ORÇAMENTÁRIA'!A36 -> 20 | B72: ='PLANILHA ORÇAMENTÁRIA'!D36 -> REBOCO COM ARGAMASSA, TRAÇO 1:2:8 (CIMENTO, CAL E AREIA), ESP. 40MM, APLICAÇÃO MANUAL, INCLUSIVE ARGAMASSA COM PREPARO MECANIZADO (PREENCHIMENTO) | C72: ='PLANILHA ORÇAMENTÁRIA'!E36 -> m² | D72: =O72 -> 74.31 | O72: =D15 -> 74.31 | R72: MESMO QUE A ÁREA DE DEMOLIÇÃO DO REBOCO PARA PREENCHIMENTO
A73: ='PLANILHA ORÇAMENTÁRIA'!A37 -> 21 | B73: ='PLANILHA ORÇAMENTÁRIA'!D37 -> LIXAMENTO MANUAL EM PAREDE PARA REMOÇÃO DE TINTA | C73: ='PLANILHA ORÇAMENTÁRIA'!E37 -> m² | D73: =SUM(O73:O78) -> 44.77 | E73: 2 | O73: =6.11*E73 -> 12.22 | R73: MURETAS CONTÍGUAS À ESCADA PRINCIPAL, POLYINE CONFORME CAD (FACES VOLTADAS P/ ESCADA)
E74: 2 | O74: =3.64*E74 -> 7.28 | R74: MURETAS CONTÍGUAS À ESCADA PRINCIPAL, POLYINE CONFORME CAD (FACES VOLTADAS P/ TALUDES)
I75: 43.27 | K75: 0.3 | O75: =TRUNC(I75*K75,2) -> 12.98 | R75: FAIXA DA MURETA FRONTAL LADO ESQ. ACIMA DO REBOCO PREENCHIDO
I76: 39.31 | K76: 0.3 | O76: =TRUNC(I76*K76,2) -> 11.79 | R76: FAIXA DA MURETA FRONTAL LADO DIR. ACIMA DO REBOCO PREENCHIDO
I77: 0.42 | K77: 0.6 | O77: =TRUNC(I77*K77,2) -> 0.25 | R77: PONTA CIRCULAR LAT. ESQ.
I78: 0.42 | K78: 0.6 | O78: =TRUNC(I78*K78,2) -> 0.25 | R78: PONTA CIRCULAR LAT. ESQ.
A79: ='PLANILHA ORÇAMENTÁRIA'!A38 -> 22 | B79: ='PLANILHA ORÇAMENTÁRIA'!D38 -> PREPARAÇÃO PARA EMASSAMENTO OU PINTURA (LÁTEX/ACRÍLICA) EM PAREDE, INCLUSIVE UMA (1) DEMÃO DE SELADOR ACRÍLICO | C79: ='PLANILHA ORÇAMENTÁRIA'!E38 -> m² | D79: =SUM(P79:P81) -> 141.1 | P79: =D73 -> 44.77 | R79: MESMO QUE A ÁREA DE LIXAMENTO
P80: =D66 -> 22.02 | R80: MESMO QUE A ÁREA DE CHAPISCO/REBOCO
P81: =D72 -> 74.31 | R81: MESMO QUE A ÁREA DE PREENCHIMENTO DO REBOCO
A82: ='PLANILHA ORÇAMENTÁRIA'!A39 -> 23 | B82: ='PLANILHA ORÇAMENTÁRIA'!D39 -> PINTURA ACRÍLICA EM PAREDE, DUAS (2) DEMÃOS, COM APLICAÇÃO MANUAL, EXCLUSIVE SELADOR ACRÍLICO E MASSA ACRÍLICA/CORRIDA (PVA) | C82: ='PLANILHA ORÇAMENTÁRIA'!E39 -> m² | D82: =P82 -> 141.1 | P82: =D79 -> 141.1 | R82: MESMO QUE A ÁREA DE PINTURA
A83: ='PLANILHA ORÇAMENTÁRIA'!A40 -> 24 | B83: ='PLANILHA ORÇAMENTÁRIA'!D40 -> CAIAÇÃO MANUAL, TRÊS DEMÃOS (EXECUÇÃO, INCLUI FORNECIMENTO E APLICAÇÃO DA CAL HIDRATADA PARA CAIAÇÃO) | C83: ='PLANILHA ORÇAMENTÁRIA'!E40 -> m² | D83: =SUM(O83:O84) -> 89.3 | I83: 208.78 | J83: 0.15 | K83: 0.15 | O83: =TRUNC(I83*(J83+K83),2) -> 62.63 | R83: GUIA DE MEIO-FIO EXISTENTE, PERÍMETRO EXTERNO DA CALÇADA, ALTURA E LARGURA DE 15CM ESTIMADAS
I84: 88.9 | J84: 0.15 | K84: 0.15 | O84: =TRUNC(I84*(J84+K84),2) -> 26.67 | R84: GUIA DE MEIO-FIO EXISTENTE, PERÍMETRO INTERNO DA CALÇADA, ALTURA E LARGURA DE 15CM ESTIMADAS
A85: ='PLANILHA ORÇAMENTÁRIA'!A41 -> MOBILIÁRIO URBANO E ILUMINAÇÃO
A86: ='PLANILHA ORÇAMENTÁRIA'!A42 -> 25 | B86: ='PLANILHA ORÇAMENTÁRIA'!D42 -> LUMINÁRIA DE LED PARA ILUMINAÇÃO PÚBLICA, DE 33 W ATÉ 50 W - FORNECIMENTO E INSTALAÇÃO. AF_02/2025_PS | C86: ='PLANILHA ORÇAMENTÁRIA'!E42 -> Unid. | D86: =E86 -> 32 | E86: 32 | R86: 32 UNIDADES, 2 LUMINÁRIAS POR PALMEIRA, CONFORME PROJETO
A87: ='PLANILHA ORÇAMENTÁRIA'!A43 -> 26 | B87: ='PLANILHA ORÇAMENTÁRIA'!D43 -> POSTE DE AÇO GALVANIZADO, ALTURA LIVRE MÍNIMA DE 6M, COM 2 REFLETORES DE LED, POTÊNCIA DE 200W CADA, INCLUSIVE FIAÇÃO, SUPORTE E FUNDAÇÃO | C87: ='PLANILHA ORÇAMENTÁRIA'!E43 -> Unid. | D87: =E87 -> 10 | E87: 10 | R87: 10 UNIDADES, SENDO 4 NO CALÇADÃO SUPERIOR, 3 NO CALÇADÃO LADO ESQ. E 3 NO CALÇADÃO LADO DIR.
A88: ='PLANILHA ORÇAMENTÁRIA'!A44 -> 27 | B88: ='PLANILHA ORÇAMENTÁRIA'!D44 -> BANCO EM CONCRETO APARENTE, TIPO-1, PADRÃO SEE-MG, SEM ENCOSTO, POLIDO COM ACABAMENTO EM VERNIZ, ESP. 5CM, COMPRIMENTO 130CM, LARGURA 40CM, ALTURA 45CM, INCLUSIVE CORTE NO PISO PARA FIXAÇÃO COM CONCRETO NÃO ESTRUTURAL, PREPARADO EM OBRA COM BETONEIRA, COM FCK 15 MPA | C88: ='PLANILHA ORÇAMENTÁRIA'!E44 -> Unid. | D88: =E88 -> 11 | E88: 11 | R88: 11 UNIDADES, SENDO 6 NO CALÇADÃO LADO DIR. E 5 NO CALÇADÃO LADO ESQ. CONFORME PROJETO
A89: ='PLANILHA ORÇAMENTÁRIA'!A45 -> ENTREGA DE OBRA
A90: ='PLANILHA ORÇAMENTÁRIA'!A46 -> 28 | B90: ='PLANILHA ORÇAMENTÁRIA'!D46 -> PLACA DE ALUMÍNIO FUNDIDO, DIMENSÃO (60X40)CM, PARA INAUGURAÇÃO, INCLUSIVE FIXAÇÃO | C90: ='PLANILHA ORÇAMENTÁRIA'!E46 -> Unid. | D90: =E90 -> 1 | E90: 1 | R90: UMA UNIDADE
A91: ='PLANILHA ORÇAMENTÁRIA'!A47 -> 29 | B91: ='PLANILHA ORÇAMENTÁRIA'!D47 -> LIMPEZA FINAL PARA ENTREGA DA OBRA | C91: ='PLANILHA ORÇAMENTÁRIA'!E47 -> m² | D91: =P91 -> 780.24 | P91: =1280.3-265.18-234.88 -> 780.24 | R91: ÁREA DA CALÇADA CONTÍGUA À PRAÇA + ÁREAS DOS CALÇADÕES + ÁREAS DAS ESCADAS, NÃO FORAM CONSIDERADAS AS ÁREAS DOS TALUDES GRAMADOS, POLYLINES CONFORME CAD

Sheet CRONOGRAMA FF
A1: MUNICÍPIO DE MARAVILHAS
A2: CRONOGRAMA FÍSICO-FINANCEIRO
A3: ='PLANILHA ORÇAMENTÁRIA'!A3:E3 -> PREFEITURA MUNICIPAL DE MARAVILHAS | C3: VALOR DA OBRA: | D3: =D24 -> 218774.18 | E3: DATA: 06/07/2026 | G3: FOLHA Nº: 01/01
A4: ='PLANILHA ORÇAMENTÁRIA'!A4:E4 -> OBRA: Intervenção Paisagística na Praça 13 de junho
A5: ='PLANILHA ORÇAMENTÁRIA'!A5:E5 -> LOCAL: Praça 13 de junho, bairro Centro, Município de Maravilhas-MG. | E5: PREVISÃO DE EXECUÇÃO DAS OBRAS: 03 MESES
A6: ETAPAS/DESCRIÇÃO | C6: FÍSICO/ FINANCEIRO | D6: TOTAL ETAPAS | E6: MÊS 1 | F6: MÊS 2 | G6: MÊS 3 | H6: MÊS 4
A7: ='PLANILHA ORÇAMENTÁRIA'!A11 -> SERVIÇOS PRELIMINARES | C7: Físico % | D7: =D8/$D$24 -> 0.0043368006 | E7: 1
C8: Financeiro | D8: ='PLANILHA ORÇAMENTÁRIA'!I11 -> 948.78 | E8: =E7*$D$8 -> 948.78
A9: ='PLANILHA ORÇAMENTÁRIA'!A13 -> DEMOLIÇÃO / REMOÇÃO | C9: Físico % | D9: =D10/$D$24 -> 0.059085355 | E9: 0.6 | F9: 0.4
C10: Financeiro | D10: ='PLANILHA ORÇAMENTÁRIA'!I13 -> 12926.35 | E10: =E9*$D$10 -> 7755.81 | F10: =F9*$D$10 -> 5170.54
A11: ='PLANILHA ORÇAMENTÁRIA'!A18 -> MOVIMENTAÇÃO DE TERRA | C11: Físico % | D11: =D12/$D$24 -> 0.02489334 | E11: 1
C12: Financeiro | D12: ='PLANILHA ORÇAMENTÁRIA'!I18 -> 5446.02 | E12: =E11*$D$12 -> 5446.02
A13: ='PLANILHA ORÇAMENTÁRIA'!A21 -> MURO DE ARRIMO | C13: Físico % | D13: =D14/$D$24 -> 0.040032055 | E13: 0.7 | F13: 0.3
C14: Financeiro | D14: ='PLANILHA ORÇAMENTÁRIA'!I21 -> 8757.98 | E14: =E13*$D$14 -> 6130.586 | F14: =F13*$D$14 -> 2627.394
A15: ='PLANILHA ORÇAMENTÁRIA'!A28 -> PISOS | C15: Físico % | D15: =D16/$D$24 -> 0.59951197 | E15: 0.6 | F15: 0.2 | G15: 0.2
C16: Financeiro | D16: ='PLANILHA ORÇAMENTÁRIA'!I28 -> 131157.74 | E16: =E15*$D$16 -> 78694.644 | F16: =F15*$D$16 -> 26231.548 | G16: =G15*$D$16 -> 26231.548
A17: ='PLANILHA ORÇAMENTÁRIA'!A33 -> REVESTIMENTOS E PINTURA | C17: Físico % | D17: =D18/$D$24 -> 0.061381421 | F17: 0.5 | G17: 0.5
C18: Financeiro | D18: ='PLANILHA ORÇAMENTÁRIA'!I33 -> 13428.67 | F18: =F17*$D$18 -> 6714.335 | G18: =G17*$D$18 -> 6714.335
A19: ='PLANILHA ORÇAMENTÁRIA'!A41 -> MOBILIÁRIO URBANO E ILUMINAÇÃO | C19: Físico % | D19: =D20/$D$24 -> 0.1632711 | F19: 0.5 | G19: 0.5
C20: Financeiro | D20: ='PLANILHA ORÇAMENTÁRIA'!I41 -> 35719.5 | F20: =F19*$D$20 -> 17859.75 | G20: =G19*$D$20 -> 17859.75
A21: ='PLANILHA ORÇAMENTÁRIA'!A45 -> ENTREGA DE OBRA | C21: Físico % | D21: =D22/$D$24 -> 0.047487962 | G21: 1
C22: Financeiro | D22: ='PLANILHA ORÇAMENTÁRIA'!I45 -> 10389.14 | G22: =G21*$D$22 -> 10389.14
A23: TOTAL | C23: Físico % | D23: =SUM(D7+D9+D11+D13+D15+D17+D19+D21) -> 1 | E23: =E24/$D$24 -> 0.45241097 | F23: =F24/$D$24 -> 0.26787241 | G23: =G24/$D$24 -> 0.27971661
C24: Financeiro | D24: =SUM(D8+D10+D12+D14+D16+D18+D20+D22) -> 218774.18 | E24: =SUM(E8+E10+E12+E14+E16+E18+E20+E22) -> 98975.84 | F24: =SUM(F8+F10+F12+F14+F16+F18+F20+F22) -> 58603.567 | G24: =SUM(G8+G10+G12+G14+G16+G18+G20+G22) -> 61194.773
G25: Observações:
B27: Flávio Lucas Greco Santos
B28: Engenheiro Civil
B29: CREA MG 64.880

Sheet COMPOSIÇÃO BDI
A1: MUNICÍPIO DE MARAVILHAS
A2: COMPOSIÇÃO DO BDI
A4: INTERVENÇÃO PAISAGÍSTICA NA PRAÇA 13 JUNHO, BAIRRO CENTRO, MUNICÍPIO DE MARAVILHAS-MG
A7: Conforme legislação tributária municipal, definir estimativa de percentual da base de cálculo para o ISS: | I7: 1
A8: Sobre a base de cálculo, definir a respectiva alíquota do ISS (entre 2% e 5%): | I8: 0.03
A10: TIPO DE OBRA
A11: Obra de paisagismo
A12: Itens | I12: Siglas | J12: % Adotado | L12: Situação | O12: 1º Quartil | P12: Médio | Q12: 3º Quartil
A14: Administração Central | I14: AC | J14: 0.045 | L14: - | O14: =VLOOKUP(CONCATENATE(A11,"-",I14),#REF!,3,FALSE) -> #REF! | P14: =VLOOKUP(CONCATENATE(A11,"-",I14),#REF!,4,FALSE) -> #REF! | Q14: =VLOOKUP(CONCATENATE(A11,"-",I14),#REF!,5,FALSE) -> #REF!
A15: Lucro | I15: L | J15: 0.07 | L15: - | O15: =VLOOKUP(CONCATENATE(A11,"-",I15),#REF!,3,FALSE) -> #REF! | P15: =VLOOKUP(CONCATENATE(A11,"-",I15),#REF!,4,FALSE) -> #REF! | Q15: =VLOOKUP(CONCATENATE(A11,"-",I15),#REF!,5,FALSE) -> #REF!
A16: Despesas Financeiras | I16: DF | J16: 0.0133 | L16: - | O16: =VLOOKUP(CONCATENATE(A11,"-",I16),#REF!,3,FALSE) -> #REF! | P16: =VLOOKUP(CONCATENATE(A11,"-",I16),#REF!,4,FALSE) -> #REF! | Q16: =VLOOKUP(CONCATENATE(A11,"-",I16),#REF!,5,FALSE) -> #REF!
A17: Seguros, Garantia e Risco | I17: S+R+G | J17: =SUM(J18+J19) -> 0.0205 | L17: - | O17: =VLOOKUP(CONCATENATE(A11,"-",I17),#REF!,3,FALSE) -> #REF! | P17: =VLOOKUP(CONCATENATE(A11,"-",I17),#REF!,4,FALSE) -> #REF! | Q17: =VLOOKUP(CONCATENATE(A11,"-",I17),#REF!,5,FALSE) -> #REF!
A18: Seguros e Garantia | I18: SG | J18: 0.008 | L18: - | O18: =VLOOKUP(CONCATENATE(A11,"-",I18),#REF!,3,FALSE) -> #REF! | P18: =VLOOKUP(CONCATENATE(A11,"-",I18),#REF!,4,FALSE) -> #REF! | Q18: =VLOOKUP(CONCATENATE(A11,"-",I18),#REF!,5,FALSE) -> #REF!
A19: Riscos | I19: R | J19: 0.0125 | L19: - | O19: 0.0365 | P19: 0.0365 | Q19: 0.0365
A20: Tributos | I20: I | J20: =SUM(J21+J22+J23) -> 0.0665 | L20: - | O20: 0 | P20: 0.025 | Q20: 0.05
A21: ISS | I21: ISS | J21: 0.03 | L21: - | O21: 0 | P21: 0.045 | Q21: 0.045
A22: PIS | I22: PIS | J22: 0.0065 | L22: - | O22: 0 | P22: 0.025 | Q22: 0.05
A23: COFINS | I23: COF. | J23: 0.03 | L23: - | O23: 0 | P23: 0.025 | Q23: 0.05
A24: CPRB (0 OU 4,5% - DESONERAÇÃO) | I24: CRPB | J24: 0 | L24: - | O24: 0 | P24: 0.025 | Q24: 0.05
A25: BDI sem desoneração | I25: BDI | J25: =(1+(J14+J17))*(1+J16)*(1+J15)/(1-(J20+J24))-1 -> 0.23754486
A27: Os valores de BDI foram calculados com o emprego da fórmula:
A28: BDI = | C28: (1 + AC + S+ R + G)*(1 + DF)*(1 + L) | H28: - 1
C29: (1-CP-ISS-CRPB)
A31: =CONCATENATE("Declaro para os devidos fins que, conforme legislação tributária municipal, a base de cálculo deste tipo de obra corresponde à ",$I$7*100,"%, com a respectiva alíquota de ",$I$8*100,"%.") -> Declaro para os devidos fins que, conforme legislação tributária municipal, a base de cálculo deste tipo de obra corresponde à 100%, com a respectiva alíquota de 3%.
A33: MARAVILHAS-MG | G33: Segunda-feira, 06 de julho de 2026
A34: Local | G34: Data
A37: Responsável Técnico
A38: Nome: | B38: FLÁVIO L. GRECO SANTOS
A39: CREA-MG: | B39: 64.880/D

Sheet CPU-001
B1: Município de Maravilhas
B2: Estado de Minas Gerais
B3: CNPJ: 18.313.841/0001-14
A6: COMPOSIÇÃO Nº. 001
A7: INTERVENÇÃO PAISAGÍSTICA NA PRAÇA 13 JUNHO
A9: REVESTIMENTO DE PISO COM PEDRA MIRACEMA NA COR CINZA, PEÇAS COM 11,5X23CM, ESP. 1CM, ACABAMENTO NATURAL, INCLUSIVE FORNECIMENTO DO MATERIAL DE REVESTIMENTO, ASSENTAMENTO COM ARGAMASSA INDUSTRIALIZADA E REJUNTAMENTO
A11: UNIDADE: m² (Metro quadrado) | E11: DATA: 06/07/2026
A13: (A) Equipamento | B13: Código | C13: Ut. Pr. | D13: Ut. Impr | E13: Vl. Hr. Prod | F13: Vl. Hr Imp. | G13: Consumo | H13: Custo Horário
F14: (A) Total: | G14: 0
A16: (B) Mão-de-obra | C16: Código | D16: Eq. Salarial | E16: Sal/Hora | F16: Encargos (%) | G16: Consumo | H16: Custo Horário
F17: (B) Total: | G17: 0
A19: (C) Itens de Incidência | C19: Código | D19: % | E19: M.O. | F19: Equip. | G19: Mat. | H19: Custo
F20: (C) Total: | G20: 0
A22: Custo Horário da Execução (A) + (B) + (C) | G22: =G14+G17+G20 -> 0
A23: (D) Produção da Equipe | G23: 1
A24: (E) Custo Unitário da Execução [(A) + (B) + (C)] / (D) | G24: =ROUND(G22/G23,2) -> 0
A26: (F) Materiais | C26: Código | D26: Unid. | E26: Consumo | F26: Custo Unitário | H26: Custo Geral
A27: ARGAMASSA COLANTE (TIPO: AC-III|UTILIZAÇÃO: AMBIENTES INTERNOS E EXTERNOS) | C27: MATED-12352 SEINFRA | D27: Kg | E27: 4.725 | F27: 1.7 | H27: =ROUND((E27*F27),2) -> 8.03
A28: PEDRA MIRACEMA PARA REVESTIMENTO EM PISO, COR: CINZA | COMPRIMENTO: 23CM | LARGURA 11,5CM | ESPESSURA: 1CM | C28: COTAÇÃO | D28: m² | E28: 1.05 | F28: 59.31 | H28: =ROUND((E28*F28),2) -> 62.28
F29: (F) Total: | G29: =SUM(H27:H28) -> 70.31
A31: (G) Serviços | C31: Código | D31: Unid. | E31: Consumo | F31: Custo Unitário | H31: Custo Geral
A32: SERVENTE COM ENCARGOS COMPLEMENTARES | C32: ED-50367 SEINFRA | D32: H | E32: 0.244 | F32: 24.89 | H32: =ROUND((E32*F32),2) -> 6.07
A33: PEDREIRO COM ENCARGOS COMPLEMENTARES | C33: ED-50381 SEINFRA | D33: H | E33: 0.489 | F33: 33.63 | H33: =ROUND((E33*F33),2) -> 16.45
A34: APLICAÇÃO DE REJUNTE CIMENTÍCIO COLORIDO INDUSTRIALIZADO PARA REVESTIMENTOS DE PAREDE/PISO COM JUNTAS DE ATÉ 3MM DE ESPESSURA | C34: ED-50718 SEINFRA | D34: m² | E34: 1 | F34: 8.07 | H34: =ROUND((E34*F34),2) -> 8.07
F35: (G) Total: | G35: =SUM(H32:H34) -> 30.59
A37: (H) Itens de Transporte | B37: Código | C37: Unid. | D37: Fórmula | E37: X1 X2 X3 | F37: Consumo | G37: Custo | H37: Custo Geral
F38: (H) Total: | G38: =SUM(H36:H37) -> 0
A40: Custo Direto Total (E) + (F) + (G) + (H): | G40: =G24+G29+G35+G38 -> 100.9
A42: Flávio L. Greco S.
A43: Eng.º Civil - CREA-MG 64.880/D
